 Dungeon Crawl Stone Soup version 0.27-a0-1089-g09c2292 (webtiles) character file.

Game seed: 15305995751771896165

282 Illumine the Covert (level 6, -1/53 HPs)
             Began as a Gnoll Delver on Apr 26, 2021.
             Slain by Pikel
             ... wielding a +2 whip of freezing
              (5 damage)
             ... on level 4 of the Dungeon on Apr 27, 2021.
             The game lasted 00:07:06 (4859 turns).

Illumine the Covert (Gnoll Delver)                  Turns: 4859, Time: 00:07:06

Health: -1/53      AC: 17    Str: 13    XL:     6   Next: 28%
Magic:  8/8        EV:  7    Int:  9    God:
Gold:   84         SH:  0    Dex: 17    Spells: 8/8 levels left

rFire    . . .     SeeInvis .   a - +0 spear
rCold    + + .     Faith    .   (no shield)
rNeg     . . .     Spirit   .   t - +3 chain mail
rPois    .         Reflect  .   u - +1 helmet
rElec    .         Harm     .   (no cloak)
rCorr    .         Rampage  .   x - +2 pair of gloves {Dex+3}
Will     .....                  j - +0 pair of boots
Stlth    +.........             (no amulet)
HPRegen  0.17/turn              o - ring of protection from cold
MPRegen  0.11/turn              r - ring of protection from cold

@: no status effects
A: fangs 1, strong nose, distributed training
a: no special abilities


You were on level 4 of the Dungeon.
You visited 1 branch of the dungeon, and saw 5 of its levels.

You collected 84 gold pieces.

Inventory:

Hand Weapons
 a - a +0 spear (weapon)
 l - a +0 hunting sling
 v - a +0 halberd
Missiles
 k - 182 stones (quivered)
 p - 32 poisoned darts
Armour
 j - a +0 pair of boots (worn)
 t - a +3 chain mail (worn)
 u - a +1 helmet (worn)
 x - a +2 pair of gloves of dexterity (worn)
Jewellery
 i - a ring of magical power
 n - an amulet of faith
 o - a ring of protection from cold (left hand)
 r - a ring of protection from cold (right hand)
Wands
 g - a wand of digging (7)
Scrolls
 c - 2 scrolls of fog
 m - 3 scrolls of identify {unknown}
 s - 2 scrolls of amnesia {unknown}
 w - a scroll of holy word {unknown}
 y - a scroll of fear
Potions
 b - a potion of invisibility {unknown}
 d - 3 potions of heal wounds {unknown}
 e - a potion of curing {unknown}
 f - a potion of haste
 h - a potion of mutation {unknown}
 q - 2 potions of might {unknown}


   Skills:
 + Level 6.8 Fighting
 + Level 1.9 Short Blades
 + Level 1.9 Long Blades
 + Level 1.9 Axes
 + Level 1.9 Maces & Flails
 + Level 4.9 Polearms
 + Level 1.9 Staves
 + Level 1.9 Slings
 + Level 1.9 Bows
 + Level 1.9 Crossbows
 + Level 1.9 Throwing
 + Level 1.9 Armour
 + Level 4.9 Dodging
 + Level 9.7 Stealth
 + Level 1.9 Shields
 + Level 1.9 Unarmed Combat
 + Level 1.9 Spellcasting
 + Level 1.5 Conjurations
 + Level 1.5 Hexes
 + Level 1.5 Summonings
 + Level 1.5 Necromancy
 + Level 1.5 Translocations
 + Level 1.5 Transmutations
 + Level 1.5 Fire Magic
 + Level 1.5 Ice Magic
 + Level 1.5 Air Magic
 + Level 1.5 Earth Magic
 + Level 1.5 Poison Magic
 + Level 2.1 Invocations
 + Level 1.9 Evocations


You had 8 spell levels left.
You didn't know any spells.
Your spell library contained the following spells:

 Spells                   Type           Power      Damage    Failure   Level
 Animate Skeleton         Necr           6%         N/A       99%         1
 Apportation              Tloc           6%         N/A       99%         1
 Corona                   Hex            3%         N/A       99%         1
 Summon Small Mammal      Summ           12%        N/A       99%         1
 Ensorcelled Hibernation  Hex/Ice        6%         N/A       100%        2
 Confusing Touch          Hex            3%         N/A       100%        3
 Dazzling Flash           Conj/Hex       6%         N/A       100%        3
 Gell's Gravitas          Tloc           1%         N/A       100%        3
 Tukima's Dance           Hex            3%         N/A       100%        3
 Petrify                  Tmut/Erth      3%         N/A       100%        4
 Metabolic Englaciation   Hex/Ice        1%         N/A       100%        5
 Yara's Violent Unravell  Hex/Tmut       1%         3d3       100%        5


Dungeon Overview and Level Annotations

Branches:
Dungeon (5/15)             Temple (0/1) D:5

Altars:
Wu Jian

Shops:
D:2 *

Annotations:
D:4 Pikel


Innate Abilities, Weirdness & Mutations

You have very sharp teeth.
Your uncanny sense of smell can sniff out nearby items.
Your experience applies equally to all skills.


Message History

Pikel is severely wounded.
You hit Pikel.
Pikel is severely wounded.
Pikel hits you but does no damage.
You closely miss Pikel.
Pikel is severely wounded.
Pikel hits you with a +2 whip of freezing.
You closely miss Pikel. Your bite misses Pikel.
Pikel is severely wounded.
Pikel barely misses you.
You hit Pikel. Your bite misses Pikel.
Pikel is almost dead.
Pikel hits you but does no damage.
You miss Pikel.
Pikel is almost dead.
Pikel barely misses you.
You hit Pikel. You punch Pikel, but do no damage.
Pikel is almost dead.
Pikel hits you with a +2 whip of freezing!
* * * LOW HITPOINT WARNING * * *
Pikel freezes you.
* * * LOW HITPOINT WARNING * * *
You hit Pikel but do no damage.
Pikel is almost dead.
Pikel hits you but does no damage.
You hit Pikel.
Pikel is almost dead.
You closely miss Pikel. Your bite misses Pikel.
Pikel is almost dead.
Pikel barely misses you.
You closely miss Pikel.
Pikel is almost dead.
Pikel hits you with a +2 whip of freezing!
* * * LOW HITPOINT WARNING * * *
Pikel freezes you.
* * * LOW HITPOINT WARNING * * *
You hit Pikel but do no damage.
Pikel is almost dead.
Pikel hits you with a +2 whip of freezing.
You die...

############.#
##########.......#....#
........))...###.#.....
##########.#..##.###### #...
#...#)##.##....... #...
#.#.#.....#..#....
#...##.#.#)............
#........<.....#..#####
####....#@..)...#####..... ∆
........K..####.....#.....
###...5#..####.###.#.....
#############5##.##...###.#####.
.........# #.##5##....##.### #.
......5..# #5#......_......###.
.........####...#.##....##......
.$......5K....###.###...##..####
...!.....5###.###.###.####......


You could see Pikel and 3 lemures.

Vanquished Creatures
  A hound (D:3)
  A bullfrog skeleton (D:4)
  Robin (D:3)
  7 gnolls (D:3)
  5 adders
  A worm (D:2)
  4 dart slugs
  An orc (D:3)
  5 ball pythons
  5 endoplasms
  6 giant cockroaches
  14 goblins
  5 hobgoblins
  8 jackals
  4 quokkas
  5 bats
  7 frilled lizards
  8 kobolds
  2 rats
90 creatures vanquished.

Notes
Turn   | Place    | Note
-------+----------+-------------------------------------------
     0 | D:5      | Reached skill level 9 in Stealth
     0 | D:5      | Illumine the Gnoll Delver began the quest for the Orb.
     0 | D:5      | Reached XP level 1. HP: 23/23 MP: 1/1
    47 | D:4      | Noticed an ogre
   108 | D:4      | Found an ornate altar of the Wu Jian Council.
   130 | D:3      | Noticed Robin
   152 | D:4      | Reached XP level 2. HP: 24/29 MP: 2/2
   523 | D:4      | Reached XP level 3. HP: 30/35 MP: 3/3
   642 | D:3      | Killed Robin
   643 | D:3      | Reached skill level 1 in Invocations
  1087 | D:1      | Reached skill level 1 in Short Blades
  1087 | D:1      | Reached skill level 1 in Long Blades
  1087 | D:1      | Reached skill level 1 in Axes
  1087 | D:1      | Reached skill level 1 in Maces & Flails
  1087 | D:1      | Reached skill level 1 in Staves
  1087 | D:1      | Reached skill level 1 in Slings
  1087 | D:1      | Reached skill level 1 in Bows
  1087 | D:1      | Reached skill level 1 in Crossbows
  1087 | D:1      | Reached skill level 1 in Throwing
  1087 | D:1      | Reached skill level 1 in Armour
  1087 | D:1      | Reached skill level 1 in Shields
  1087 | D:1      | Reached skill level 1 in Unarmed Combat
  1087 | D:1      | Reached skill level 1 in Spellcasting
  1087 | D:1      | Reached skill level 1 in Evocations
  1363 | D:1      | Reached XP level 4. HP: 41/41 MP: 5/5
  1415 | D:1      | Found a faded altar of an unknown god.
  2005 | D:2      | Upgraded the game from 0.27-a0-1083-gcf8293e to
                  | 0.27-a0-1089-g09c2292
  2008 | D:2      | Found Foluwiwixu's General Store.
  2194 | D:2      | Reached skill level 1 in Conjurations
  2194 | D:2      | Reached skill level 1 in Hexes
  2194 | D:2      | Reached skill level 1 in Summonings
  2194 | D:2      | Reached skill level 1 in Necromancy
  2194 | D:2      | Reached skill level 1 in Translocations
  2194 | D:2      | Reached skill level 1 in Transmutations
  2194 | D:2      | Reached skill level 1 in Fire Magic
  2194 | D:2      | Reached skill level 1 in Ice Magic
  2194 | D:2      | Reached skill level 1 in Air Magic
  2194 | D:2      | Reached skill level 1 in Earth Magic
  2194 | D:2      | Reached skill level 1 in Poison Magic
  3110 | D:3      | Reached XP level 5. HP: 26/47 MP: 6/6
  4150 | D:3      | Reached XP level 6. HP: 50/53 MP: 8/8
  4777 | D:4      | Noticed Pikel
  4859 | D:4      | Slain by Pikel

Illustrated notes

Levels and vault maps discovered:
D:1:      roderic_crossed_star, layout_loops_corners,
          hellmonk_ecumenical_altar_lost_god
D:2:      layout_loops_ring, serial_shops, shop
D:3:      layout_basic, uniq_robin
D:4:      minmay_goblin_kobold_castle, layout_basic,
          nicolae_overflow_crystal_walls, grunt_ministairs_2, uniq_pikel,
          uniq_sigmund, uniq_crazy_yiuf_cottage
D:5:      minmay_spotlight, layout_loops_ring, minmay_temple_entry_from_below_a,
          st_stairs_3

Skill      XL: |  1  2  3  4  5 |
---------------+----------------+-----
Stealth        | |  9.7
Invocations    | 1 2 |  2.1
Short Blades   | 1 |  1.9
Long Blades    | 1 |  1.9
Axes           | 1 |  1.9
Maces & Flails | 1 |  1.9
Staves         | 1 |  1.9
Slings         | 1 |  1.9
Bows           | 1 |  1.9
Crossbows      | 1 |  1.9
Throwing       | 1 |  1.9
Armour         | 1 |  1.9
Shields        | 1 |  1.9
Unarmed Combat | 1 |  1.9
Spellcasting   | 1 |  1.9
Evocations     | 1 |  1.9
Conjurations   | 1 |  1.5
Hexes          | 1 |  1.5
Summonings     | 1 |  1.5
Necromancy     | 1 |  1.5
Translocations | 1 |  1.5
Transmutations | 1 |  1.5
Fire Magic     | 1 |  1.5
Ice Magic      | 1 |  1.5
Air Magic      | 1 |  1.5
Earth Magic    | 1 |  1.5
Poison Magic   | 1 |  1.5
Fighting       | |  6.8
Polearms       | |  4.9
Dodging        | |  4.9

Action                   |  1- 3 |  4- 6 || total
-------------------------+-------+-------++-------
Melee: Spear             |   103 |   362 ||   465
       Bite              |     5 |    35 ||    40
       Punch             |       |     6 ||     6
 Fire: Hunting sling     |       |     4 ||     4
Throw: Stone             |       |     2 ||     2
  Use: Scroll            |     2 |       ||     2
 Stab: Sleeping          |     5 |     7 ||    12
       Distracted        |       |     1 ||     1
Armor: Leather armour    |    30 |    20 ||    50
       Chain mail        |       |   135 ||   135
Dodge: Dodged            |    87 |   100 ||   187

Table legend: (Time is in decaauts)
 A = Elapsed time spent in this place.
 B = Non-inter-level travel time spent in this place.
 C = Inter-level travel time spent in this place.
 D = Time resting spent in this place.
 E = Time spent auto-exploring this place.
 F = Levels seen in this place.
 G = Mean time per level.
                   A        B        C        D        E       F      G
               +--------+--------+--------+--------+--------+-----+--------+
         Total |   4803 |   4687 |    116 |   1431 |   2240 |   5 |  960.6 |
       Dungeon |   4803 |   4687 |    116 |   1431 |   2240 |   5 |  960.6 |
               +--------+--------+--------+--------+--------+-----+--------+

Top non-repeatable levels by time:
     D:3: 1477 daAuts
     D:1: 1243 daAuts
     D:4: 1034 daAuts
     D:2: 945 daAuts
     D:5: 102 daAuts
